 Dungeon Crawl Stone Soup version 0.25-a0-10-g2fe12d4386 (webtiles) character file.

Game seed: 17293432028133217773, levelgen mode: deterministic

14 MrRokkomies the Skirmisher (level 2, -11/25 (27) HPs)
             Began as a Ghoul Monk on Oct 15, 2019.
             Mangled by an ogre
             ... wielding a +0 giant club
              (24 damage)
             ... on level 2 of the Dungeon.
             The game lasted 00:01:29 (861 turns).

MrRokkomies the Skirmisher (Ghoul Monk)              Turns: 861, Time: 00:01:29

HP:   -11/25 (27)   AC:  5    Str: 14    XL:     2   Next: 45%
MP:   1/1           EV: 11    Int: 10    God:
Gold: 5             SH:  0    Dex: 14    Spells: 1/1 levels left

rFire    . . .     SeeInvis .   a - +0 falchion
rCold    + . .     Gourm    .   (no shield)
rNeg     + + +     Faith    .   g - +0 ring mail
rPois    ∞         Spirit   .   (no helmet)
rElec    .         Reflect  .   (no cloak)
rCorr    .         Harm     .   (no gloves)
MR       .....                  (no boots)
Stlth    +.........             (no amulet)
HPRegen  0.00/turn              d - +3 ring of dexterity
MPRegen  0.07/turn              (no ring)

@: brilliant, rotting
A: rotting body, claws 1, carnivore, cold resistance 1, negative energy
resistance 3, inhibited regeneration, torment resistance, unbreathing
a: no special abilities


You were on level 2 of the Dungeon.
You were not hungry.

You visited 1 branch of the dungeon, and saw 2 of its levels.

You collected 5 gold pieces.

Inventory:

Hand Weapons
 a - a +0 falchion (weapon)
Armour
 b - a +0 robe
 g - a +0 ring mail (worn)
Jewellery
 d - a +3 ring of dexterity (left claw)
Comestibles
 c - 4 rations


   Skills:
 * Level 3.7 Fighting
 * Level 3.1 Long Blades
 - Level 2.6 Dodging
 - Level 2.1 Stealth


You had one spell level left.
You didn't know any spells.
Your spell library was empty.

Dungeon Overview and Level Annotations

Branches:
Dungeon (2/15)

Altars:


Innate Abilities, Weirdness & Mutations

Your body is rotting away.
You thrive on raw meat.
You are immune to poison.
You have sharp fingernails.
You are carnivorous and can eat meat at any time.
Your flesh is cold resistant. (rC+)
You are immune to negative energy. (rN+++)
You do not regenerate when monsters are visible.
You are immune to unholy pain and torment.
You can survive without breathing.


Message History

You see here 11 stones.
An ogre comes into view. It is wielding a +0 giant club.
The ogre shouts!
Found a stone staircase leading down.
It was a potion of brilliance.
You feel clever all of a sudden.
You aren't carrying any scrolls.
The ogre hits you with a +0 giant club!
You are too injured to fight recklessly!
You are too injured to fight recklessly!
You are too injured to fight recklessly!
You are too injured to fight recklessly!
You hit the ogre.
The ogre is lightly wounded.
The ogre misses you.
You barely miss the ogre.
The ogre is lightly wounded.
The ogre hits you with a +0 giant club!!
Ouch! That really hurt!
You die...

### #.#<#
#.#.# #.#.#
#.#.# #.#(#
#.#.# #O#.#
#@#.#
###.##.#.#
..........#
#####.#.###
.."...
.......
#.........
..........
#.####.>...


You could see an ogre.

Vanquished Creatures
  An ooze (D:1)
  A ball python (D:1)
  2 bats (D:1)
  3 hobgoblins (D:1)
  3 rats (D:1)
10 creatures vanquished.

Notes
Turn   | Place    | Note
-------+----------+-------------------------------------------
     0 | D:1      | MrRokkomies the Ghoul Monk began the quest for the Orb.
     0 | D:1      | Reached XP level 1. HP: 19/19 MP: 0/0
   101 | D:1      | Reached XP level 2. HP: 23/26 MP: 1/1
   856 | D:2      | Noticed an ogre
   861 | D:2      | Mangled by an ogre

Levels and vault maps discovered:
D:1:      minmay_arrival_stone_box, layout_basic
D:2:      layout_basic, zin_statuary, kiku_gazebo_pond_becter,
          eat_drink_and_be_merry_uskayaw, kennysheep_generic_room_15, uniq_robin

Skill      XL: |  1 |
---------------+----+-----
Long Blades    | 3 |  3.1
Fighting       | |  3.7
Dodging        | |  2.6
Stealth        | |  2.1

Action                   || total
-------------------------++-------
Melee: Falchion          ||    17
  Use: Scroll            ||     1
       Potion            ||     1
 Stab: Sleeping          ||     2
Armor: Robe              ||     3
       Ring mail         ||     3
Dodge: Dodged            ||    12
       Rpst.: Falchion   ||     3

Table legend:
 A = Non-vault XP
 B = Vault XP
 C = Vault XP percentage of total XP
 D = Non-vault monster count
 E = Vault monster count
 F = Vault count percentage of total count
                 A         B        C        D         E       F
            +---------+---------+-------+---------+---------+-------
      Total |      21 |       0 |   0.0 |      10 |       0 |   0.0
            +---------+---------+-------+---------+---------+-------
        D:1 |      21 |       0 |   0.0 |      10 |       0 |   0.0
            +---------+---------+-------+---------+---------+-------
